 Dungeon Crawl Stone Soup version 0.19.0-19-g8c6edcc (webtiles) character file.

39 esc the Firebug (level 3, -2/20 HPs)
             Began as a Deep Elf Fire Elementalist on Nov 12, 2016.
             Killed from afar by Ijyb (22 damage)
             ... with a wand of lightning
             ... on level 2 of the Dungeon.
             The game lasted 00:04:12 (1696 turns).

esc the Firebug (Deep Elf Fire Elementalist)        Turns: 1696, Time: 00:04:13

Health: -2/20      AC:  2    Str:  5    XL:     3   Next: 26%
Magic:  6/10       EV: 13    Int: 20    God:
Gold:   67         SH:  0    Dex: 15    Spells: 2 memorised, 6 levels left

rFire  . . .     SeeInvis .     e - +0 club
rCold  . . .     Gourm    .     a - +0 robe
rNeg   . . .     Faith    .     (no shield)
rPois  .         Spirit   .     (no helmet)
rElec  .         Reflect  .     (no cloak)
rCorr  .         Harm     .     (no gloves)
MR     .....                    (no boots)
Stlth  ++........               (no amulet)
                                (no ring)
                                (no ring)

@: no status effects
A: no striking features
a: no special abilities


You were on level 2 of the Dungeon.
You were not hungry.

You visited 1 branch of the dungeon, and saw 2 of its levels.

You collected 67 gold pieces.

Inventory:

Hand Weapons
 e - a +0 club (weapon)
   (You took it off a hobgoblin on level 1 of the Dungeon)
Armour
 a - a +0 robe (worn)
Jewellery
 m - an uncursed amulet of the gourmand {unknown}
   (You found it on level 1 of the Dungeon)
Scrolls
 h - a scroll of blinking {unknown}
 i - a scroll of identify {unknown}
 j - 2 scrolls of remove curse {unknown}
 n - a scroll of enchant armour {unknown}
Potions
 d - a potion of magic {unknown}
 f - 2 potions of invisibility {unknown}
 k - a potion of curing {unknown}
 o - 2 potions of might {unknown}
Books
 b - a book of Flames
Comestibles
 c - a bread ration {@e1}
 g - a meat ration {@e2}
 l - 4 chunks of flesh {@w0}


   Skills:
 + Level 1.0 Fighting
 + Level 2.6 Dodging
 - Level 2.4 Stealth
 + Level 3.5 Spellcasting
 + Level 2.1 Conjurations
 + Level 3.5 Fire Magic


You had 6 spell levels left.
You knew the following spells:

 Your Spells              Type           Power        Failure   Level  Hunger
a - Flame Tongue          Conj/Fire      ##...        4%          1    None
x - Throw Flame           Conj/Fire      ##....       10%         2    ##.....


Dungeon Overview and Level Annotations

Branches:
Dungeon (2/15)

Altars:

Annotations:
D:2 Ijyb


Message History

The flame tongue hits the hobgoblin.
You kill the hobgoblin!
You now have 5/10 mp.
The goblin unwields an uncursed hunting sling.
The goblin wields an uncursed club.
The goblin barely misses you.
Aim: a goblin, wielding a club The flame tongue hits the goblin.
The goblin misses you.
You now have 4/10 mp.
Aim: a goblin, wielding a club (moderately wounded)
The flame tongue hits the goblin.
You kill the goblin!
Your Conjurations skill increases to level 2!
Your magical contamination has completely faded away.
There is a stone staircase leading up here.
You climb upwards.
There is a stone staircase leading down here.
You start resting.
Eating a chunk of flesh {@w0}.
You start eating the chunk of flesh {@w0}.
You are feeling hungry.
You regained 2 hp, and now have 18/20 hp.
You regained 3 mp, and now have 9/10 mp.
You start resting.
Health restored: 20; MP restored: 10 You climb downwards.
Level annotation: Ijyb
There is a stone staircase leading up here.
Aim: a goblin, wielding a dagger The flame tongue hits the goblin.
You kill the goblin!
You now have 9/10 mp.
Things that are here:
a dagger; a goblin corpse You butcher the goblin corpse.
l - 3 chunks of flesh {@w0} You see here a dagger.
Found a faded altar of an unknown god.
MP restored: 10 You see here a dagger.
You see here a dagger.
You now have 60 gold pieces (gained 15).
You see here 25 stones.
You now have 67 gold pieces (gained 7).
Things that are here:
a stone; a club
n - a scroll labeled CIYXKU KUOTWI
Things that are here:
a stone; a club You see here a stone.
Things that are here:
9 stones; an uncursed club; an uncursed hunting sling You see here a whip.
As you open the door, it creaks loudly!
A rat comes into view.
There is an open door here.
Aim: a rat (hasn't noticed you)
The flame tongue hits the rat.
You kill the rat!
You now have 9/10 mp.
You see here a rat corpse.
You butcher the rat corpse.
l - 4 chunks of flesh {@w0} (gained 1)
You open the door.
There is an open door here.
You see here a dagger.
A kobold comes into view. It is wielding a club.
The kobold shouts!
MP restored: 10
Aim: a kobold, wielding a club The flame tongue hits the kobold.
You kill the kobold!
You now have 9/10 mp.
o - 2 blue potions You see here a club.
There isn't anything to butcher here.
A dart slug comes into view.
MP restored: 10
Aim: a dart slug (hasn't noticed you)
The flame tongue hits the dart slug.
You now have 9/10 mp.
Aim: a dart slug (severely wounded)
The flame tongue hits the dart slug.
You kill the dart slug!
You now have 8/10 mp.
Ijyb is too close now for your liking.
MP restored: 10 Memorise Throw Flame, consuming 2 spell levels and leaving 6?
You start memorising the spell.
You continue memorising. x2
You finish memorising.
Spell assigned to 'x'.
Okay, then.
Aim: Ijyb, wielding a club and carrying a wand of lightning {zapped: 4} (hasn't noticed you)
The puff of flame hits Ijyb.
Ijyb shouts!
You now have 8/10 mp.
Aim: Ijyb, wielding a club and carrying a wand of lightning {zapped: 4} (moderately wounded)
The puff of flame hits Ijyb.
Ijyb zaps a wand.
The bolt of lightning hits you!
Ouch! That really hurt!
You die...

#.# #.#####.# #.# #....##.#
###### #.# ####.##'#### ####....#
#.# #.......# .....##.# #.#
#.......#
.######.#####.#########.......###
.#.......g.......................
##.#.##.#####.#########....####..
#.#.##.# #.....@....####### #..
#.#....# #.#...#....# ###..
#.###### #.###.#....########....
#.# #...................#..
#.###########.g############..#..
#..........##........(.......#..
#######..#.##.#############.##.)
######..#............# #..<....
#.......###.########.# #.#.#.#.


You could see Ijyb.

Vanquished Creatures
  A dart slug (D:2)
  2 giant cockroaches (D:1)
  5 goblins (D:2)
  4 hobgoblins
  2 jackals (D:1)
  7 kobolds
  5 bats
  2 frilled lizards (D:1)
  3 rats
31 creatures vanquished.

Notes
Turn   | Place    | Note
-------+----------+-------------------------------------------
     0 | D:1      | esc the Deep Elf Fire Elementalist began the quest for the Orb.
     0 | D:1      | Reached XP level 1. HP: 10/10 MP: 6/6
   233 | D:1      | You fall through a shaft!
   275 | D:2      | Reached XP level 2. HP: 15/15 MP: 4/8
   387 | D:2      | Noticed Ijyb
   601 | D:2      | HP: 4/16 [Ijyb/wand of lightning (12)]
  1082 | D:1      | Reached skill level 1 in Fighting
  1082 | D:1      | Reached XP level 3. HP: 20/20 MP: 6/10
  1412 | D:2      | Reached skill level 2 in Conjurations
  1522 | D:2      | Found a faded altar of an unknown god.
  1694 | D:2      | Learned a level 2 spell: Throw Flame
  1696 | D:2      | Killed from afar by Ijyb

Skill      XL: |  1  2  3 |
---------------+----------+-----
Fighting       | 1 |  1.0
Conjurations   | 2 |  2.1
Dodging        | |  2.6
Stealth        | |  2.4
Spellcasting   | |  3.5
Fire Magic     | |  3.5

Action                   || total
-------------------------++-------
 Cast: Flame Tongue      ||    51
       Throw Flame       ||     2
  Eat: Chunk             ||     2
Dodge: Dodged            ||    16

Vault maps used:
D:1:      eino_arrival_cavern_b, minmay_splitting_lines, serial_bayou_pond_a
D:2:      lemuel_upstairs_altar, ecumenical_altar_1, uniq_iyjb

Table legend:
 A = Turns spent in this place as a percentage of turns spent in the entire game.
 B = Non-inter-level travel turns spent in this place as a percentage of non-inter-level travel turns spent in the entire game.
 C = Inter-level travel turns spent in this place as a percentage of turns spent in this place.
 D = Turns resting spent in this place as a percentage of non-inter-level travel turns spent in this place.
 E = Turns spent auto-exploring this place as a percentage of non-inter-level travel turns spent in this place.
 F = Non-inter-level travel turns spent in this place divided by the number of levels of this place that you've seen.
                   A       B       C       D       E      F
               +-------+-------+-------+-------+-------+----------------------
         Total | 100.0 | 100.0 |   0.3 |   4.6 |  13.3 | 161.5
       Dungeon | 100.0 | 100.0 |   0.3 |   4.6 |  13.3 | 161.5
               +-------+-------+-------+-------+-------+----------------------

Table legend:
 A = Kills in this place as a percentage of kills in entire the game.
 B = Kills by you in this place as a percentage of kills by you in the entire game.
 C = Kills by friends in this place as a percentage of kills by friends in the entire game.
 D = Other kills in this place as a percentage of other kills in the entire game.
 E = Experience gained in this place as a percentage of experience gained in the entire game.
 F = Experience gained in this place divided by the number of levels of this place that you have seen.
                   A       B       C       D       E      F
               +-------+-------+-------+-------+-------+----------------------
         Total | 100.0 | 100.0 |  -nan |  -nan | 100.0 |  28.0
       Dungeon | 100.0 | 100.0 |  -nan |  -nan | 100.0 |  28.0
               +-------+-------+-------+-------+-------+----------------------
